 Dungeon Sprint DCSS version 0.30.1-4-g462c640d31 (webtiles) character file.

Game seed: 9129152158075873193

1183 Heoruswealwe the Grappler (level 8, 0/88 HPs)
             Began as a Troll Berserker on Aug 17, 2023.
             Was an Elder of Trog.
             Slain by a centaur warrior (1 damage)
             ... in the Dungeon (Sprint I: "Red Sonja").
             The game lasted 00:03:32 (305 turns).

Heoruswealwe the Grappler (Troll Berserker)          Turns: 305, Time: 00:03:32

Health: 0/88       AC:  4    Str: 28    XL:     8   Next: 19%
Magic:  7/7        EV: 12    Int:  3    God:    Trog [****..]
Gold:   272        SH:  0    Dex:  9    Spells: 7/7 levels left

rFire   . .          .
                       - Unarmed
rCold   . . .        (no shield)
rNeg    . . .        a - +0 animal skin
rPois   .            (helmet restricted)
rElec   .            (no cloak)
rCorr   .            (gloves unavailable)
SInv    .            (boots unavailable)
Will    .....        (no amulet)
Stlth   +            (no ring)
HPRegen 1.14/turn    (no ring)
MPRegen 0.10/turn

%: no teleportation
@: no status effects
A: large, unfitting armour, claws 3, regeneration 1, shaggy fur 1, tough skin 1
a: Renounce Religion, Berserk, Trog's Hand, Brothers in Arms


You were in the Dungeon.
You worshipped Trog.
Trog was greatly pleased with you.
You visited 1 branch You collected 405 gold pieces.
You spent 133 gold pieces at shops.

Inventory:

Armour
 a - a +0 animal skin (worn)
Scrolls
 g - 2 scrolls of blinking
Potions
 b - a potion of curing
 c - a potion of heal wounds
 d - a potion of haste
 e - 2 potions of magic


   Skills:
 + Level 8.1 Fighting
 + Level 8.1 Dodging
 * Level 13.1 Unarmed Combat


You had 7 spell levels left.
You didn't know any spells.
Your spell library was empty.

Dungeon Overview and Level Annotations

Branches:
Dungeon (1/1)

Altars:
Cheibriados
Dithmenos
Elyvilon
Fedhas
Gozag
Hepliaklqana
Kikubaaqudgha
Makhleb
Nemelex Xobeh
Okawaru
Qazlal
Ru
Sif Muna
Trog
Uskayaw
Vehumet
Wu Jian
Xom
Yredelemnul
Zin
The Shining One
Jiyva
Lugonu

Shops:
D ?


Innate Abilities, Weirdness & Mutations

You are too large for most types of armour.
You have claws for hands.
Your natural rate of healing is unusually fast.
You are covered in fur. (AC +1)
You have tough skin. (AC +1)


Message History

The centaur warrior shoots an arrow.
The arrow hits you!!
Found a long sword and 14 gold pieces.
You see here a +0 mace.
The centaur warrior unwields a +0 shortbow.
The centaur warrior barely misses you. The centaur warrior misses you.
You closely miss the centaur warrior.
The centaur warrior barely misses you. x2
You completely miss the centaur warrior.
The centaur warrior shoots an arrow.
The arrow hits you!! The centaur warrior hits you.
The centaur warrior misses you.
You claw the centaur warrior!
The centaur warrior is moderately wounded.
The centaur warrior shoots an arrow.
The arrow hits you!!
* * * LOW HITPOINT WARNING * * *
The centaur warrior hits you.
* * * LOW HITPOINT WARNING * * *
The centaur warrior closely misses you.
You claw the centaur warrior!
The centaur warrior is heavily wounded.
The centaur warrior hits you!
* * * LOW HITPOINT WARNING * * *
The centaur warrior kicks you.
* * * LOW HITPOINT WARNING * * *
You claw the centaur warrior!
The centaur warrior is severely wounded.
The centaur warrior unwields a +0 shortbow.
The centaur warrior hits you.
* * * LOW HITPOINT WARNING * * *
The centaur warrior kicks you but does no damage.
The centaur warrior barely misses you.
The centaur warrior kicks you but does no damage.
You claw the centaur warrior!
You claw the centaur warrior, but do no damage.
The centaur warrior is almost dead.
The centaur warrior hits you but does no damage.
The centaur warrior kicks you.
* * * LOW HITPOINT WARNING * * *
The centaur warrior hits you!
* * * LOW HITPOINT WARNING * * *
The centaur warrior kicks you.
You die...

##########################
#<.#..)..#.)'..#__#..')..#
#..').#..'..#..'..'..#)..#
#..#####'#####'#__####...+
#..####..#...#)####§§#####
#..#__####.?##@#§~~c§#
#..#_____##'#_cc~~§§§+
#⌠⌠#_.∩...'..._#~~§§§#
####_..__##_.#'##+####
#_____###+#[# ####### ###


You could see 2 centaur warriors.

Vanquished Creatures
  2 kobold demonologists (D)
  A slime creature (D)
  Sigmund (D)
  A yak (D)
  A floating eye (D)
  An ogre (D)
  A jelly (D)
  Ijyb (D)
9 creatures vanquished.

Notes
Turn   | Place    | Note
-------+----------+-------------------------------------------
     0 | D        | Heoruswealwe the Troll Berserker began the quest for the
                  | Orb.
     0 | D        | Reached XP level 1. HP: 22/22 MP: 0/0
     1 | D        | Noticed Ijyb
     5 | D        | Paralysed by Ijyb for 4 turns
    14 | D        | Paralysed by Ijyb for 4 turns
    21 | D        | Paralysed by Ijyb for 4 turns
    28 | D        | Killed Ijyb
    29 | D        | Reached skill level 5 in Unarmed Combat
    29 | D        | Reached XP level 2. HP: 24/31 MP: 1/1
    35 | D        | Noticed an ogre
    45 | D        | Killed an ogre
    46 | D        | Reached skill level 7 in Unarmed Combat
    46 | D        | Reached XP level 3. HP: 23/40 MP: 2/2
    46 | D        | Reached XP level 4. HP: 28/49 MP: 3/3
    67 | D        | Noticed Sigmund
    81 | D        | Killed Sigmund
    81 | D        | Reached ** piety under Trog
    82 | D        | Reached skill level 5 in Fighting
    82 | D        | Reached skill level 5 in Dodging
    82 | D        | Reached skill level 9 in Unarmed Combat
    82 | D        | Reached XP level 5. HP: 53/59 MP: 4/4
   105 | D        | Found a burning altar of Makhleb.
   105 | D        | Found a viscous altar of Jiyva.
   105 | D        | Found a shimmering altar of Xom.
   105 | D        | Found a corrupted altar of Lugonu.
   105 | D        | Noticed a slime creature
   112 | D        | Killed a slime creature
   113 | D        | Reached skill level 10 in Unarmed Combat
   113 | D        | Reached XP level 6. HP: 50/68 MP: 5/5
   132 | D        | Found an ornate altar of the Wu Jian Council.
   132 | D        | Found a shimmering blue altar of Sif Muna.
   134 | D        | Found a radiant altar of Vehumet.
   162 | D        | Found Meuho's Magic Scroll Emporium.
   162 | D        | Found an ancient bone altar of Kikubaaqudgha.
   162 | D        | Found a hazy altar of Hepliaklqana.
   162 | D        | Found a stormy altar of Qazlal.
   162 | D        | Found a hide-covered altar of Uskayaw.
   162 | D        | Found a blossoming altar of Fedhas.
   162 | D        | Found a bloodstained altar of Trog.
   162 | D        | Found an iron altar of Okawaru.
   162 | D        | Found a basalt altar of Yredelemnul.
   162 | D        | Found a glowing golden altar of the Shining One.
   162 | D        | Found a snail-covered altar of Cheibriados.
   162 | D        | Found a sacrificial altar of Ru.
   162 | D        | Found a glowing silver altar of Zin.
   162 | D        | Found a shadowy altar of Dithmenos.
   162 | D        | Found a white marble altar of Elyvilon.
   162 | D        | Noticed a yak
   174 | D        | Killed a yak
   174 | D        | Reached *** piety under Trog
   175 | D        | Reached skill level 11 in Unarmed Combat
   175 | D        | Reached XP level 7. HP: 41/78 MP: 6/6
   175 | D        | Found an opulent altar of Gozag.
   176 | D        | Found a sparkling altar of Nemelex Xobeh.
   180 | D        | Bought a scroll of blinking for 105 gold pieces
   180 | D        | Bought a scroll of identify for 28 gold pieces
   239 | D        | Noticed a kobold demonologist
   239 | D        | Noticed a kobold demonologist
   241 | D        | Noticed a red devil
   244 | D        | Killed a kobold demonologist
   245 | D        | Reached skill level 12 in Unarmed Combat
   250 | D        | Killed a kobold demonologist
   250 | D        | Reached **** piety under Trog
   251 | D        | Reached skill level 13 in Unarmed Combat
   251 | D        | Reached XP level 8. HP: 52/88 MP: 7/7
   295 | D        | Noticed a centaur warrior
   295 | D        | Noticed a centaur warrior
   305 | D        | HP: 1/88 [centaur warrior (10)]
   305 | D        | Slain by a centaur warrior

Illustrated notes

Levels and vault maps discovered:
D:        dungeon_sprint_1 [red_sonja_temple_1, red_sonja_temple_small_1]

Skill      XL: |  1  2  3  4  5  6  7 |
---------------+----------------------+-----
Fighting       | 3 4 5 6 7 8 |  8.1
Dodging        | 3 4 5 6 7 8 |  8.1
Unarmed Combat | 5 7 9 10 11 13 | 13.1

Action                     |  1- 3 |  4- 6 |  7- 9 || total
---------------------------+-------+-------+-------++-------
  Melee: Unarmed           |    24 |    27 |    16 ||    67
         Punch             |       |       |     1 ||     1
    Use: Potion            |     1 |       |       ||     1
         Scroll            |       |       |     1 ||     1
 Armour: Animal skin       |     6 |     1 |     4 ||    11
  Dodge: Dodged            |     4 |    10 |    17 ||    31
